 Dungeon Crawl Stone Soup version 0.24.1-8-ga250c9d538 (webtiles) character file.

Game seed: 18073511037130915477, levelgen mode: deterministic

137 Gwenloh the Poker (level 5, -7/41 HPs)
             Began as a Merfolk Gladiator on May 8, 2020.
             Mangled by a centaur (8 damage)
             ... on level 3 of the Dungeon.
             The game lasted 00:08:09 (2752 turns).

Gwenloh the Poker (Merfolk Gladiator)               Turns: 2752, Time: 00:08:10

Health: -7/41      AC:  4    Str: 15    XL:     5   Next: 20%
Magic:  5/5        EV: 14    Int:  7    God:
Gold:   132        SH:  4    Dex: 16    Spells: 4/4 levels left

rFire    . . .     SeeInvis .   a - +0 trident
rCold    + . .     Gourm    .   w - +0 buckler (curse)
rNeg     . . .     Faith    .   u - +0 leather armour {rC+}
rPois    .         Spirit   .   c - +0 helmet
rElec    .         Reflect  .   (no cloak)
rCorr    .         Harm     .   (no gloves)
MR       .....                  (no boots)
Stlth    +.........             (no amulet)
HPRegen  0.13/turn              (no ring)
MPRegen  0.09/turn              (no ring)

@: no status effects
A: change form in water, swift swim, stealthy swim
a: no special abilities


You were on level 3 of the Dungeon.
You were not hungry.

You visited 1 branch of the dungeon, and saw 3 of its levels.

You collected 132 gold pieces.

Inventory:

Hand Weapons
 a - a +0 trident (weapon)
Missiles
 d - 2 throwing nets
 h - 70 stones (quivered)
 o - 7 curare-tipped darts
Armour
 b - a +0 leather armour
 c - a +0 helmet (worn)
 e - a +0 shield
 m - a +0 ring mail
 u - a +0 leather armour of cold resistance (worn)
 w - a cursed +0 buckler (worn)
Scrolls
 j - 3 scrolls of teleportation {unknown}
 k - a scroll of immolation {unknown}
 n - 4 scrolls of fog {unknown}
 p - 4 scrolls of amnesia {unknown}
 r - a scroll of identify {unknown}
 s - 2 scrolls of remove curse {unknown}
 x - a scroll of fear {unknown}
Potions
 g - 2 potions of might {unknown}
 i - a potion of agility {unknown}
 q - a potion of haste {unknown}
 t - a potion of lignification {unknown}
 v - a potion of resistance {unknown}
 z - a potion of magic {unknown}
Comestibles
 f - 3 rations
 l - a chunk of flesh


   Skills:
 + Level 3.2 Fighting
 + Level 5.3 Polearms
 + Level 2.9 Throwing
 + Level 4.9 Dodging
 + Level 1.7 Shields


You had 4 spell levels left.
You didn't know any spells.
Your spell library was empty.

Dungeon Overview and Level Annotations

Branches:
Dungeon (3/15)

Altars:


Message History

You barely miss the centaur. The centaur closely misses you.
You hit the centaur.
The centaur is moderately wounded.
The centaur hits you!
* * * LOW HITPOINT WARNING * * *
You block the centaur's attack.
You puncture the centaur!
The centaur is heavily wounded.
The centaur hits you.
* * * LOW HITPOINT WARNING * * *
You hit the centaur.
The centaur is severely wounded.
You block the centaur's attack. The centaur barely misses you.
You hit the centaur but do no damage.
The centaur is severely wounded.
The centaur hits you but does no damage.
You barely miss the centaur.
The centaur is heavily wounded.
You block the centaur's attack. The centaur hits you!
You die...

###..............#.....
.................#.....
##..........)..#.##..
###.............#.##..
..#...................
#.#....#.#####....##..
#.#....#.# #.#######
#.#....#.#####.#######
#...c@>........รท......
###(##(........#######
#......##########........
##.###.. #........ ....
##........ .....
#......... .......
#......... .c......
#......... ...(......
#.........


You could see a centaur.

Vanquished Creatures
  7 adders
  2 worms (D:3)
  2 dart slugs
  4 leopard geckos
  3 giant cockroaches
  7 goblins
  8 hobgoblins
  2 jackals (D:1)
  7 kobolds
  2 quokkas
  2 ball pythons
  4 bats
  4 frilled lizards
  A leopard gecko skeleton (D:3)
  6 rats
61 creatures vanquished.

Notes
Turn   | Place    | Note
-------+----------+-------------------------------------------
     0 | D:1      | Gwenloh the Merfolk Gladiator began the quest for the Orb.
     0 | D:1      | Reached XP level 1. HP: 16/16 MP: 1/1
   182 | D:1      | Reached XP level 2. HP: 23/23 MP: 2/2
  1130 | D:2      | Reached XP level 3. HP: 28/28 MP: 3/3
  1257 | D:2      | Reached skill level 1 in Shields
  1938 | D:3      | Reached skill level 5 in Polearms
  1938 | D:3      | Reached XP level 4. HP: 31/34 MP: 4/4
  2493 | D:3      | Reached XP level 5. HP: 40/41 MP: 5/5
  2736 | D:3      | Noticed a centaur
  2749 | D:3      | HP: 1/41 [centaur (2)]
  2752 | D:3      | Mangled by a centaur

Levels and vault maps discovered:
D:1:      onia_arrival_handbag, layout_basic
D:2:      layout_basic
D:3:      layout_basic

Skill      XL: |  1  2  3  4 |
---------------+-------------+-----
Shields        | 1 |  1.7
Polearms       | 5 |  5.3
Fighting       | 3 |  3.2
Throwing       | |  2.9
Dodging        | |  4.9

Action                   |  1- 3 |  4- 6 || total
-------------------------+-------+-------++-------
Melee: Trident           |    94 |    80 ||   174
Throw: Throwing net      |     2 |       ||     2
       Stone             |    76 |    56 ||   132
       Dart              |     1 |       ||     1
 Stab: Sleeping          |     2 |     1 ||     3
  Eat: Chunk             |     3 |     3 ||     6
Armor: Leather armour    |    12 |    12 ||    24
Dodge: Dodged            |    41 |    35 ||    76
Block: Buckler           |       |    13 ||    13
